[Event "Chess Festival Groningen 2023 | A"]
[Site "Groningen, Netherlands"]
[Date "2023.12.30"]
[Round "9.22"]
[White "Francs, Marats"]
[Black "Keuning, Selwin"]
[Result "1-0"]
[TimeControl "90min/40moves + 30min + 30sec/move"]
[WhiteElo "1990"]
[BlackElo "2139"]

1. e4 c5 2. Nf3 e6 3. d4 cxd4 4. Nxd4 Nc6 5. Nc3 Qc7 6. Be3 a6 7. Qd2 Nf6 8. O-O-O Be7 9. f3 b5 10.
Kb1 Bb7 11. g4 Nxd4 12. Bxd4 O-O 13. Rg1 Rfd8 14. h4 Bc6 15. Ne2 e5 16. Bc3 a5 17. Ng3 d5 18. Qe1 dxe4 19. Rxd8+ Bxd8 20.
fxe4 b4 21. Bd2 Qb7 22. Bd3 Bb6 23. Rf1 Qd7 24. g5 Ne8 25. h5 Bb5 26. g6 fxg6 27. hxg6 hxg6 28. Bxb4 axb4 29. Qxb4 Nc7 30.
Qb3+ Qe6 31. Qxe6+ Nxe6 32. Bxb5 Nf4 33. Bc4+ Kf8 34. c3 Ke7 35. Kc2 Kf6 36. b4 Kg5 37. Kb3 Kg4 38. Ne2 g5 39. a4 Rb8 40. Kc2 Kh3 41.
a5 Ba7 42. b5 Kg2 43. Rb1 Be3 44. b6 Kf3 45. a6 Bxb6 46. Rxb6 Ra8 47. Ng1+ Kf2 48. Rb1 g4 49. Kb3 g3 50.
Ka4 g2 51. Ka5 g5 52. Bd5 Rc8 53. c4 g4 54. a7 Nh3 55. Rb8 Rxb8 56. axb8=Q Nxg1 57. Qb6+ Kf1 58. c5 Ne2 59. c6 g1=Q 60. c7 Qxb6+ 61.
Kxb6 g3 62. c8=Q g2 63. Qh3 Kf2 64. Qh2 Ng3 65. Bc4 Nf1 66.
Bxf1 Kxf1 67. Kc5 1-0

[Event "Chess Festival Groningen 2023 | A"]
[Site "Groningen, Netherlands"]
[Date "2023.12.30"]
[Round "9.23"]
[White "Van Rootselaar, Rik"]
[Black "Arnold, Rhys"]
[Result "1-0"]
[TimeControl "90min/40moves + 30min + 30sec/move"]
[WhiteElo "2105"]
[BlackElo "2053"]

1. e4 c5 2. Nf3 Nc6 3. d4 cxd4 4. Nxd4 e5 5. Nb5 d6 6. c4 g6 7.
Bd3 Be6 8. O-O Rc8 9. Be3 a6 10. N5c3 Bg7 11. Nd5 Bxd5 12. cxd5 Nd4 13. Nc3 Nf6 14. Rc1 O-O 15. f3 Nh5 16.
Qd2 Nf4 17. g3 Nxd3 18. Qxd3 b5 19. Kg2 Qa5 20. a3 Rc4 21. Na2 Rfc8 22. Nb4 Qa4 23. Rfd1 Nb3 24. Rxc4 Rxc4 25. Nxa6 f5 26.
Nb4 fxe4 27. fxe4 Bf6 28. Rf1 Bg7 29. Bb6 Nd4 30. Bxd4 Rxd4 31. Qf3 Rd2+ 32. Kh1 h6 33. Rc1 Rxb2 34. Nc6 Rb3 35. Ne7+ Kh7 36. Qg4 Kh8 37. Rc8+ 1-0

[Event "Chess Festival Groningen 2023 | A"]
[Site "Groningen, Netherlands"]
[Date "2023.12.30"]
[Round "9.24"]
[White "Mierins, Emils Janis"]
[Black "Goudriaan, Rafael"]
[Result "1-0"]
[TimeControl "90min/40moves + 30min + 30sec/move"]
[WhiteElo "2258"]
[BlackElo "2039"]

1. e4 c5 2. Nf3 d6 3. d4 cxd4 4. Qxd4 Nf6 5. Bb5+ Bd7 6.
c4 a6 7. Bxd7+ Nbxd7 8. Nc3 g6 9. O-O Bg7 10. Qd3 O-O 11. Bd2 Qc7 12. Rac1 Rac8 13. b3 Nc5 14. Qe2 e6 15. h3 Rfd8 16.
Rfd1 b6 17. Bf4 Qb7 18. Nd2 d5 19.
e5 Nfe4 20. Nf3 dxc4 21. Rxd8+ Rxd8 22. Nxe4 Qxe4 23. Qxe4 Nxe4 24. Rxc4 Nc5 25. Be3 Nd7 26. Rd4 Bf8 27. Bg5 1-0

[Event "Chess Festival Groningen 2023 | A"]
[Site "Groningen, Netherlands"]
[Date "2023.12.30"]
[Round "9.25"]
[White "Nagarkatte, Vedant"]
[Black "Bakija, Alan"]
[Result "1-0"]
[TimeControl "90min/40moves + 30min + 30sec/move"]
[WhiteFideId "25636227"]
[WhiteElo "2320"]
[BlackElo "2010"]

1. e4 e5 2. Nf3 Nc6 3. Bc4 Bc5 4. c3 Nf6 5. d3 O-O 6. Nbd2 d5 7. exd5 Nxd5 8. Ne4 Be7 9. O-O Bf5 10. Re1 Bg6 11. a4 a6 12.
a5 Nf6 13. Qe2 Nxe4 14. dxe4 Qd7 15. Rd1 Bd6 16. Nh4 Qe7 17. Qg4 h5 18. Qxg6 Qxh4 19. Bg5 Ne7 20. Qxf7+ 1-0

[Event "Chess Festival Groningen 2023 | A"]
[Site "Groningen, Netherlands"]
[Date "2023.12.30"]
[Round "9.26"]
[White "Grooten, Herman"]
[Black "Vijayakumar, Rishi"]
[Result "0-1"]
[TimeControl "90min/40moves + 30min + 30sec/move"]
[WhiteElo "2243"]
[BlackElo "2104"]

1. Nf3 d5 2. c4 d4 3. g3 c5 4. b4 Nf6 5. bxc5 Nc6 6. d3 e5 7. Bg2 Bxc5 8. O-O h6 9. Ba3 Nd7 10.
Nfd2 O-O 11. Qc1 f5 12. Nb3 Bxa3 13. Qxa3 Nf6 14. N1d2 Re8 15. Bxc6 bxc6 16. Qc5 Qc7 17. e3 a5 18. exd4 a4 19. Nc1 Nd7 20.
Qb4 exd4 21. c5 Qa5 22. Qc4+ Kh7 23.
Nf3 Qxc5 24. Nxd4 Qxc4 25. dxc4 Ne5 26. c5 Ba6 27. Rd1 Rad8 28. Kg2 Rd5 29. Nce2 Red8 30. Rd2 Ng6 31. Rb2 Rxd4 32. Nxd4 Rxd4 33. Rb6 Bc4 34. a3 Bd5+ 35.
Kf1 Ne5 36. Rab1 Nf3 37. R1b4 Rd2 38. h3 Be4 39. g4 Rd1+ 0-1

[Event "Chess Festival Groningen 2023 | A"]
[Site "Groningen, Netherlands"]
[Date "2023.12.30"]
[Round "9.27"]
[White "Spit, Vincent"]
[Black "Ritzerveld, Noah"]
[Result "1/2-1/2"]
[TimeControl "90min/40moves + 30min + 30sec/move"]
[WhiteElo "2076"]
[BlackElo "1997"]

1. e4 e5 2. Nf3 Nc6 3. Bb5 a6 4. Ba4 Nf6 5. O-O Be7 6. Re1 b5 7. Bb3 O-O 8. a4 Bb7 9. d3 d6 10. h3 Nd7 11. Be3 Nc5 12. Bxc5 dxc5 13. Bd5 Qd6 14. Nc3 b4 15. Ne2 Rab8 16. Nd2 Bg5 17.
Nc4 Qe7 18. b3 Kh8 19. Ng3 g6 20. Nf1 Rbd8 21. Nfe3 f5 22. f3 Bh4 23. Rf1 Qg5 24. c3 bxc3 25. Bxc6 Bxc6 26. Qc2 Bg3 27.
Qxc3 Bf4 28. Rfe1 Rd4 29. Rad1 fxe4 30. dxe4 Rfd8 31. Nd5 Bxd5 32. exd5 R8xd5 33. Rxd4 cxd4 34. Qb4 Rd8 35. Qa5 Re8 36.
Qxa6 Qg3 37. Kf1 Qh2 38. Re4 Bg3 39. Qf6+ Kg8 40. Rg4 Qh1+ 41. Ke2 Qe1+ 42. Kd3 Qb1+ 43. Kd2 Bf4+ 44. Rxf4 exf4 45.
Qxd4 Qe1+ 46. Kc2 Qe2+ 47. Nd2 Qe3 48. Qc4+ Kg7 49. Qxc7+ Re7 50. Qc3+ Kh6 51. Qf6 Rd7 52. Nc4 Qe2+ 53.
Kc3 Rd3+ 54. Kb4 Qe1+ 55. Ka3 Qc1+ 56. Kb4 Qe1+ 57. Ka3 Qc1+ 58. Kb4 Rd7 59. Qf8+ Kh5 60. Qb8 Qe1+ 61. Ka3 Qc1+ 62. Kb4 Rd5 63.
Qb7 Qe1+ 64. Ka3 Qa1+ 65. Kb4 Qe1+ 66. Ka3 Rd1 67. Qxh7+ Kg5 1/2-1/2

[Event "Chess Festival Groningen 2023 | A"]
[Site "Groningen, Netherlands"]
[Date "2023.12.30"]
[Round "9.28"]
[White "De Jong, Mathijs"]
[Black "Nicolai, Amir"]
[Result "1/2-1/2"]
[TimeControl "90min/40moves + 30min + 30sec/move"]
[WhiteElo "2008"]
[BlackElo "2156"]

1. d4 d5 2. c4 e6 3. Nf3 c6 4.
Nc3 dxc4 5. g3 Nf6 6. Bg2 Nbd7 7. O-O b5 8. e4 Bb7 9. e5 Nd5 10. Ng5 h6 11. Nxe6 fxe6 12. Qh5+ Ke7 13. Ne4 Qe8 14. Bg5+ hxg5 15. Qxh8 Kd8 16. Nxg5 Qe7 17. h4 Kc7 18. Qg8 Re8 19.
Ne4 Qd8 20. Ng5 Qe7 21. Ne4 Qd8 22. Ng5 1/2-1/2

[Event "Chess Festival Groningen 2023 | A"]
[Site "Groningen, Netherlands"]
[Date "2023.12.30"]
[Round "9.29"]
[White "Van Der Leest, Bert"]
[Black "Groenewoud, Joel"]
[Result "1/2-1/2"]
[TimeControl "90min/40moves + 30min + 30sec/move"]
[WhiteFideId "1009460"]
[WhiteElo "2142"]
[BlackElo "1997"]

1. d4 Nf6 2. Nc3 d5 3. e4 dxe4 4. Bg5 Bf5 5. f3 e3 6. g4 Bg6 7. h4 h6 8. Bxe3 e6 9. Nh3 Bb4 10. Nf4 O-O 11. Nxg6 fxg6 12. Qd3 Nd5 13. Bxh6 gxh6 14. Qxg6+ Kh8 15.
Qxh6+ Kg8 16. Qg6+ 1/2-1/2

[Event "Chess Festival Groningen 2023 | A"]
[Site "Groningen, Netherlands"]
[Date "2023.12.30"]
[Round "9.30"]
[White "Ter-Avetisjana, Agnesa Stepania"]
[Black "Krasenkowa, Elena"]
[Result "1/2-1/2"]
[TimeControl "90min/40moves + 30min + 30sec/move"]
[WhiteFideId "11614900"]
[WhiteElo "1974"]
[BlackElo "2109"]

1. e4 g6 2. d4 Bg7 3. Nc3 c6 4. f4 d5 5. e5 Nh6 6. Nf3 O-O 7. h3 f6 8. Be2 Be6 9.
O-O Qc8 10. Kh2 b5 11. Be3 a5 12. a3 Na6 13. Qd2 Nc7 14.
Nd1 Nf7 15. Nf2 c5 16. exf6 Bxf6 17. dxc5 Bxb2 18. Rab1 Bxa3 19. Bxb5 Bb4 20. c3 Nxb5 21. cxb4 axb4 22. Rxb4 Na3 23. Qc3 Nc4 24. Bc1 Ra2 25. Nd2 d4 26. Qd3 Ne3 27. Rg1 Qxc5 28. Qxd4 Qxd4 29. Rxd4 Nf5 30. Rd3 N7d6 31. Re1 Ng7 32. Nde4 Bf5 33. Rd2 Rxd2 34. Bxd2 Rc8 35. Nxd6 exd6 36. Ne4 Rc2 37. Ba5 Bxe4 38. Rxe4 Nf5 39. Be1 h5 40. Kg1 h4 {+68} 1/2-1/2

[Event "Chess Festival Groningen 2023 | A"]
[Site "Groningen, Netherlands"]
[Date "2023.12.30"]
[Round "9.31"]
[White "Schuricht, Emil Frederick"]
[Black "Kazarjan, Gachatur"]
[Result "0-1"]
[TimeControl "90min/40moves + 30min + 30sec/move"]
[WhiteElo "2095"]
[BlackElo "2078"]

1. d4 f5 2. g3 e6 3. Bg2 Nf6 4. c4 Be7 5. Nf3 O-O 6. O-O d6 7. Nc3 Ne4 8. Qc2
Nxc3 9. Qxc3 a5 10. b3 Nc6 11. Bb2 Bf6 12. Rad1 Qe8 13. Qc2 e5 14. d5 Nb4 15.
Qb1 Na6 16. Ne1 Qh5 17. e3 f4 18. exf4 exf4 19. Bf3 Qg5 20. Bc1 Be5 21. Ng2 Bf5
22. Be4 Nc5 23. gxf4 Bxe4 24. Qxe4 Nxe4 25. fxg5 Rf3 26. Ne1 Rf5 27. f4 Raf8 28.
Ng2 Nxg5 29. fxg5 Rxf1+ 30. Rxf1 Bxh2+ 31. Kxh2 Rxf1 32. Bf4 b6 33. c5 bxc5 34.
Bd2 a4 35. bxa4 Ra1 36. a5 Rxa2 37. Be1 c4 38. Kg1 Ra3 39. Kf2 c3 40. Ne3 Ra2+
41. Kf3 c2 42. Bd2 Rxa5 43. Ke4 Rc5 44. Bc1 Kf7 45. Kd3 h5 46. gxh6 gxh6 47.
Nxc2 Rxd5+ 48. Ke4 Re5+ 49. Kd4 h5 50. Bf4 Ra5 51. Ke4 Kf6 52. Ne3 Ke6 53. Kd3
Ra4 54. Bg5 d5 55. Bd8 c5 56. Bb6 Ra3+ 57. Ke2 c4 58. Ng2 Ke5 59. Bc5 Ra5 60.
Bb4 Ra4 61. Bc3+ d4 62. Bd2 Ke4 63. Ne1 Ra2 64. Kd1 c3 65. Bc1 d3 66. Bg5 Ra1+ 0-1